 Dungeon Crawl Stone Soup version 0.22-a0-855-g415d086bb8 (webtiles) character file.

41 PikkenKukken the Stinger (level 3, 0/26 HPs)
             Began as a Demonspawn Venom Mage on July 27, 2018.
             Succumbed to an adder's poison
             ... on level 1 of the Dungeon.
             The game lasted 00:04:38 (1554 turns).

PikkenKukken the Stinger (Demonspawn Venom Mage)    Turns: 1554, Time: 00:04:38

Health: 0/26       AC:  2    Str:  8    XL:     3   Next: 32%
Magic:  5/6        EV: 12    Int: 17    God:
Gold:   73         SH:  0    Dex: 13    Spells: 3/6 levels left

rFire    . . .     SeeInvis .   e - +1 dagger
rCold    . . .     Gourm    .   (no shield)
rNeg     . . .     Faith    .   a - +0 robe
rPois    .         Spirit   .   (no helmet)
rElec    .         Reflect  .   (no cloak)
rCorr    .         Harm     .   (no gloves)
MR       .....                  (no boots)
Stlth    ++........             (no amulet)
HPRegen  0.08/turn              (no ring)
MPRegen  0.10/turn              (no ring)

@: lethally poisoned (0 -> -6)
A: spiny 1
a: no special abilities


You were on level 1 of the Dungeon.
You were hungry.

You visited 1 branch of the dungeon, and saw 2 of its levels.

You collected 73 gold pieces.

Inventory:

Hand Weapons
 e - a +1 dagger (weapon)
Armour
 a - a +0 robe (worn)
Scrolls
 b - a scroll of fear
 d - a scroll of magic mapping
 j - 2 scrolls of identify
Potions
 f - a potion of haste
Comestibles
 c - 2 rations
 g - a chunk of flesh


   Skills:
 + Level 1.0 Fighting
 + Level 0.9 Short Blades
 + Level 2.1 Dodging
 - Level 1.7 Stealth
 + Level 2.3 Spellcasting
 + Level 1.4 Conjurations
 + Level 3.2 Poison Magic


You had 3 spell levels left.
You knew the following spells:

 Your Spells              Type           Power        Failure   Level  Hunger
a - Sting                 Conj/Pois      #...         8%          1    #......
b - Poisonous Vapours     Pois/Air       #.....       14%         2    ###....

Your spell library contained the following spells:

 Spells                   Type           Power        Failure   Level  Hunger
 Mephitic Cloud           Conj/Pois/Air  #.......     30%         3    ###....
 Venom Bolt               Conj/Pois      #.........   90%         5    ######.
 Olgreb's Toxic Radiance  Pois           ##......     45%         4    #####..


Dungeon Overview and Level Annotations

Branches:
Dungeon (2/15)

Altars:


Innate Abilities, Weirdness & Mutations

You are partially covered in sharp spines.


Message History

* * * LOW HITPOINT WARNING * * *
You feel sick.
* * * LOW HITPOINT WARNING * * *
You feel sick.
Things that are here:
a short sword; a kobold corpse
* * * LOW HITPOINT WARNING * * *
You feel sick.
There is a lethal amount of poison in your body!
* * * LOW HITPOINT WARNING * * *
You feel sick.
* * * LOW HITPOINT WARNING * * *
You feel sick.
* * * LOW HITPOINT WARNING * * *
You feel sick.
* * * LOW HITPOINT WARNING * * *
You feel sick.
* * * LOW HITPOINT WARNING * * *
You feel sick.
You die...

.........#.###.#
####.####....
.........#..##.#
#.......#....
.........##.##.#
#.......#####
.........##.##.# #..(....#
.........#.....######.......#
.........#.........##.......#
##.#######.........##.......#
##.# ###.#.....##.......#
...# #....@..).....#### ##.#
##......####### ###
####......# #.........#
#.........# #....>....#
#.....##### #.....# #.....#


There were no monsters in sight!

Vanquished Creatures
  2 adders
  A bat (D:1)
  A giant cockroach (D:1)
  3 goblins (D:1)
  4 hobgoblins (D:1)
  2 frilled lizards
  5 kobolds (D:1)
  5 rats (D:1)
23 creatures vanquished.

Notes
Turn   | Place    | Note
-------+----------+-------------------------------------------
     0 | D:1      | PikkenKukken the Demonspawn Venom Mage began the quest for the Orb.
     0 | D:1      | Reached XP level 1. HP: 13/13 MP: 3/3
   731 | D:1      | Gained mutation: You are partially covered in sharp spines. [demonic ancestry]
   731 | D:1      | Reached XP level 2. HP: 20/20 MP: 5/5
   885 | D:1      | Learned a level 2 spell: Poisonous Vapours
  1455 | D:2      | Reached XP level 3. HP: 22/25 MP: 6/6
  1541 | D:1      | Reached skill level 1 in Fighting
  1552 | D:1      | HP: 1/26 [poisoned by an adder]
  1554 | D:1      | Succumbed to an adder's poison

Vault maps used:
D:1:      tarquinn_simple_flora_water_e
D:2:      kennysheep_big_empty_room

Skill      XL: |  1  2  3 |
---------------+----------+-----
Dodging        | 2 |  2.1
Fighting       | 1 |  1.0
Short Blades   | |  0.9
Stealth        | |  1.7
Spellcasting   | |  2.3
Conjurations   | |  1.4
Poison Magic   | |  3.2

Action                   || total
-------------------------++-------
Melee: Dagger            ||    70
 Cast: Sting             ||    15
       Poisonous Vapours ||     3
  Use: Scroll            ||     6
 Stab: Sleeping          ||     3
  Eat: Chunk             ||     2
Armor: Robe              ||     4
Dodge: Dodged            ||    49

Table legend:
 A = Spawn XP
 B = Non-spawn XP
 C = Spawn XP percentage of total XP
 D = Spawn monster count
 E = Non-spawn monster count
 F = Spawn count percentage of total count
 G = Total turns spent on level
                    A         B        C        D         E        F      G
               +---------+---------+-------+---------+---------+-------+---------
         Total |       0 |      59 |   0.0 |       0 |      23 |   0.0 |  1554
               +---------+---------+-------+---------+---------+-------+---------
           D:1 |       0 |      44 |   0.0 |       0 |      21 |   0.0 |  1545
           D:2 |       0 |      15 |   0.0 |       0 |       2 |   0.0 |     9
               +---------+---------+-------+---------+---------+-------+---------
